 Dungeon Crawl Stone Soup version 0.29.0-11-gd7f09526c8 (webtiles) character file.

Game seed: 6304404213949730720

34102 concernfroge the Skirmisher (level 13, -5/103 HPs)
             Began as a Mummy Monk on Sept 4, 2022.
             Was a High Priest of Okawaru.
             Slain by a komodo dragon (9 damage)
             ... on level 3 of the Lair of Beasts.
             The game lasted 00:54:07 (15731 turns).

concernfroge the Skirmisher (Mummy Monk)           Turns: 15731, Time: 00:54:08

Health: -5/103     AC: 16    Str: 18    XL:     13   Next: 40%
Magic:  16/17      EV: 21    Int: 18    God:    Okawaru [*****.]
Gold:   1172       SH:  0    Dex: 18    Spells: 12/12 levels left

rFire   + . .      SeeInvis +   a - +1 arbalest "Hell-Harrower" {flame, rElec Str-2 Int+4 SInv}
rCold   + . .      Faith    .   (shield currently unavailable)
rNeg    + + +      Spirit   .   g - +5 ring mail {rF+}
rPois   ∞          Reflect  .   k - +1 helmet
rElec   +          Harm     .   r - scarf {shadows}
rCorr   +          Rampage  .   p - +1 pair of gloves
Will    +....                   (no boots)
Stlth   +++.......              (no amulet)
HPRegen 0.27/turn               u - ring "Otefui" {rF+ Str+2 Int+5 Dex+2}
MPRegen 0.15/turn               f - ring of resist corrosion

@: heroic
A: cold resistance 1, negative energy resistance 3, torment resistance 2, heat
vulnerability 1, in touch with death 2, no potions
a: Renounce Religion, Heroism, Finesse, Duel


You were on level 3 of the Lair of Beasts.
You worshipped Okawaru.
Okawaru was extremely pleased with you.
You visited 3 branches of the dungeon, and saw 15 of its levels.

You collected 1172 gold pieces.

Inventory:

Hand Weapons
 a - the +1 arbalest "Hell-Harrower" (weapon) {flame, rElec Str-2 Int+4 SInv}
   (You found it on level 2 of the Dungeon)

   Any ammunition fired from it burns those it strikes, dealing additional fire
   damage.
   Str:       It affects your strength (-2).
   Int:       It affects your intelligence (+4).
   rElec:     It insulates you from electricity.
   SInv:      It lets you see invisible.
Missiles
 d - 7 throwing nets
 h - 4 boomerangs of dispersal
 o - 8 boomerangs
 q - 2 curare-tipped darts
 v - 3 atropa-tipped darts
 y - 18 poisoned darts
Armour
 g - a +5 ring mail of fire resistance (worn)
 k - a +1 helmet (worn)
 p - a +1 pair of gloves (worn)
 r - a scarf of shadows (worn)
Jewellery
 f - a ring of resist corrosion (right hand)
 m - a ring of fire
 u - the ring "Otefui" (left hand) {rF+ Str+2 Int+5 Dex+2}
   (You acquired it on level 7 of the Dungeon)

   [ring of protection from fire]

   Str:       It affects your strength (+2).
   Int:       It affects your intelligence (+5).
   Dex:       It affects your dexterity (+2).
   rF:        It protects you from fire.
 z - a +6 ring of intelligence
Wands
 c - a wand of mindburst (13)
 i - a wand of digging (7)
 t - a wand of flame (22)
 w - a wand of iceblast (10)
Scrolls
 b - 5 scrolls of noise
 e - 5 scrolls of amnesia
 j - 3 scrolls of enchant weapon
 l - 2 scrolls of immolation
 n - 10 scrolls of identify
 s - 2 scrolls of magic mapping
 x - 2 scrolls of fog


   Skills:
 - Level 10.0(15.0) Fighting
 - Level 2.4(7.4) Polearms
 - Level 13.3(18.3) Ranged Weapons
 - Level 4.0(9.0) Armour
 - Level 12.0(17.0) Dodging
 - Level 1.5(6.5) Stealth
 + Level 5.7 Invocations
 - Level 4.0 Evocations


You had 12 spell levels left.
You didn't know any spells.
Your spell library contained the following spells:

 Spells                   Type           Power      Damage    Failure   Level
 Ensorcelled Hibernation  Hex/Ice        0%         N/A       47%         2
 Static Discharge         Conj/Air       0%         3-3/arc   47%         2
 Anguish                  Hex/Necr       0%         N/A       98%         4
 Dispel Undead            Necr           0%         3d6       98%         4
 Sticky Flame             Conj/Fire      0%         2d3       98%         4
 Spider Form              Tmut/Pois      Unusable   N/A       N/A         3

Dungeon Overview and Level Annotations

Branches:
Dungeon (11/15)            Temple (1/1) D:6            Lair (3/5) D:8
 Shoals (0/4) Lair:2       Spider (0/4) Lair:3          Orc (0/2) D:10

Altars:
Ashenzari
Cheibriados
Dithmenos
Fedhas
Gozag
Hepliaklqana
Kikubaaqudgha
Makhleb
Nemelex Xobeh
Okawaru
Qazlal
Ru
Sif Muna
Trog
Uskayaw
Vehumet
Wu Jian
Xom
Yredelemnul

Annotations:
D:7 1 runed translucent door, gelatine's ghost, novice BaHu


Innate Abilities, Weirdness & Mutations

You are immune to poison.
Your flesh is cold resistant. (rC+)
You are immune to negative energy. (rN+++)
You are immune to unholy pain and torment.
You are vulnerable to heat. (rF-)
You are strongly in touch with the powers of death.
You do not drink.


Message History

The cane toad stings you but does no damage.
The komodo dragon bites you!! The cane toad barely misses you.
You are too injured to fight recklessly!
You are too injured to fight recklessly!
You are too injured to fight recklessly!
Fire: a) +1 arbalest "Hell-Harrower" {flame, rElec Str-2 Int+4 SInv}
Press: ? - help, Q - select action, (/) - cycle Shift-Dir - straight line, f/p - cane toad
Aim: a cane toad (almost dead, 72% to hit)
You shoot a bolt.
The bolt hits the cane toad but does no damage.
The cane toad is almost dead.
The cane toad stings you. The komodo dragon bites you!
You gain the combat prowess of a mighty hero.
The cane toad closely misses you. The komodo dragon bites you!!
* * * LOW HITPOINT WARNING * * *
Okay, then.
Aiming: Paralyse
Press: ? - help, Shift-Dir - straight line, f/p - cane toad
Aim: a cane toad (almost dead, chance to affect: 59%)
The cane toad suddenly stops moving!
The komodo dragon bites you.
* * * LOW HITPOINT WARNING * * *
Aiming: Paralyse
Press: ? - help, Shift-Dir - straight line, f - komodo dragon, p - cane toad
Aim: a komodo dragon (chance to affect: 41%)
The komodo dragon resists with some effort.
The komodo dragon bites you but does no damage.
Aiming: Paralyse
Press: ? - help, Shift-Dir - straight line, f/p - komodo dragon
Aim: a komodo dragon (chance to affect: 41%)
The komodo dragon resists with some effort.
The now-empty wand crumbles to dust.
The komodo dragon closely misses you.
Okay, then.
Okay, then.
The air fills with toxic fumes!
As you read the scroll of poison, it crumbles to dust.
The komodo dragon bites you.
* * * LOW HITPOINT WARNING * * *
The komodo dragon attacks as you move away!
The komodo dragon bites you!
You die...

#### ### ###
#####..###.#####P##
..................#
#.............§§§.#
#.............§§##
##....#.######.§§.#
##....### ###§##
##.....+ +§§#
.'.....# ##@##
♣.♣...## #Fl#
..~....# #§.P#
~~.....P# ##§§§#
.......... §§###
..~..~.... .§§.
~~..~.... ..§§.
~~..~.♣< ...... ..


You could see a komodo dragon and a cane toad (paralysed).

Vanquished Creatures
  Gastronok (D:8)
  Harold (D:11)
  A boulder beetle (Lair:3)
  3 hydras
  Fannar (Lair:1)
  Erica (D:8)
  A two-headed ogre (D:10)
  Nergalle (D:10)
  Amaemon (Lair:1)
  Pikel (D:7)
  A cyclops (D:8)
  An ugly thing (D:11)
  A manticore (D:11)
  Maurice (D:8)
  2 merfolk sirens (Lair:2)
  2 gargoyles
  3 black mambas
  6 cane toads
  The ghost of SensoryNuts the Slasher, a novice DsFi (D:4)
  An orange demon (Lair:1)
  2 unseen horrors (D:11)
  2 rime drakes
  3 komodo dragons
  A troll (D:9)
  A meliai (Lair:3)
  2 merfolk (Lair:2)
  11 blink frogs
  2 shadows
  A vampire (D:10)
  5 wyverns
  2 basilisks (D:8)
  46 yaks
  A wraith (D:11)
  A steam dragon (D:8)
  Menkaure (D:6)
  10 water moccasins
  2 black bears
  4 orc warriors
  An ice beast (D:7)
  3 ogres
  3 centaurs
  27 wolves
  2 phantoms
  12 bullfrogs
  A gnoll sergeant (D:9)
  3 kobold brigands (D:9)
  A necrophage (D:6)
  4 wights (D:7)
  A scorpion (D:5)
  A water moccasin skeleton (D:4)
  A troll zombie (D:10)
  5 killer bees
  3 howler monkeys (D:9)
  9 orc priests
  2 jellies (D:7)
  3 hounds
  A gnoll bouda (D:10)
  Terence (D:2)
  6 iguanas
  11 orc wizards
  A killer bee zombie (D:4)
  7 ogre zombies (D:10)
  A mummy (D:8)
  Robin (D:2)
  16 gnolls
  A howler monkey skeleton (D:4)
  6 adders
  A shadow imp (D:8)
  A white imp (D:6)
  A worm (D:3)
  A dart slug (D:1)
  35 orcs
  4 bats
  3 endoplasms
  A giant cockroach (D:1)
  11 hobgoblins
  5 jackals
  4 quokkas
  5 ball pythons
  A ball python zombie (D:3)
  6 frilled lizards
  14 goblins
  2 goblin skeletons (D:10)
  3 goblin zombies (D:10)
  A hobgoblin skeleton (D:10)
  2 hobgoblin zombies
  16 kobolds
  An orc skeleton (D:10)
  18 orc zombies
  A quokka zombie (D:3)
  2 rats (D:2)
401 creatures vanquished.

Vanquished Creatures (others)
  28 fungi
  71 plants
99 creatures vanquished.

Grand Total: 500 creatures vanquished

Notes
Turn   | Place    | Note
-------+----------+-------------------------------------------
     0 | D:1      | concernfroge the Mummy Monk began the quest for the Orb.
     0 | D:1      | Reached XP level 1. HP: 18/18 MP: 1/1
   239 | D:1      | Reached XP level 2. HP: 20/24 MP: 2/2
  1138 | D:2      | Noticed Robin
  1154 | D:2      | Gained mutation: You are in touch with the powers of death.
                  | [Mummy growth]
  1154 | D:2      | Reached XP level 3. HP: 28/30 MP: 3/3
  1278 | D:2      | Noticed Terence
  1425 | D:2      | Found a faded altar of an unknown god.
  1583 | D:2      | Identified the +1 arbalest "Hell-Harrower" {flame, rElec
                  | Str-2 Int+4 SInv}
  1645 | D:2      | Killed Terence
  1646 | D:2      | Reached XP level 4. HP: 23/38 MP: 4/4
  1821 | D:2      | Killed Robin
  1822 | D:2      | Reached skill level 5 in Fighting
  1824 | D:2      | Reached skill level 1 in Ranged Weapons
  2290 | D:3      | Identified the +7 mace of Callousness {protect, rElec rC+
                  | Dex+3 Stlth+}
  2483 | D:3      | Found a basalt altar of Yredelemnul.
  2775 | D:4      | Found a transporter.
  2775 | D:4      | Noticed SensoryNuts's ghost (novice DsFi)
  2873 | D:4      | Noticed an ogre
  2880 | D:5      | Entered Level 5 of the Dungeon
  2881 | D:5      | Noticed an ogre
  2890 | D:5      | Reached XP level 5. HP: 43/44 MP: 5/5
  2946 | D:5      | Found a burning altar of Makhleb.
  3033 | D:5      | Found a faded altar of an unknown god.
  3033 | D:5      | Found a faded altar of an unknown god.
  3040 | D:5      | Found a snail-covered altar of Cheibriados.
  3042 | D:5      | Found a blossoming altar of Fedhas.
  3044 | D:5      | Found a hazy altar of Hepliaklqana.
  3084 | D:5      | Found a sacrificial altar of Ru.
  3091 | D:5      | Noticed a black bear
  3095 | D:5      | Killed a black bear
  3096 | D:5      | Reached skill level 2 in Ranged Weapons
  3096 | D:5      | Reached XP level 6. HP: 52/52 MP: 6/6
  3399 | D:6      | Found a staircase to the Ecumenical Temple.
  3406 | Temple   | Entered the Ecumenical Temple
  3406 | Temple   | Found a transporter.
  3406 | Temple   | Found a transporter.
  3408 | Temple   | Found a transporter.
  3408 | Temple   | Found a transporter.
  3425 | Temple   | Became a worshipper of Warmaster Okawaru
  3425 | Temple   | Reached * piety under Okawaru
  3425 | Temple   | Reached ** piety under Okawaru
  3618 | D:6      | Reached XP level 7. HP: 48/60 MP: 7/7
  3705 | D:6      | Reached skill level 3 in Ranged Weapons
  4007 | D:6      | Noticed Menkaure
  4010 | D:6      | Killed Menkaure
  4011 | D:6      | Reached skill level 1 in Invocations
  4721 | D:7      | Reached XP level 8. HP: 69/69 MP: 8/8
  4736 | D:7      | Reached skill level 4 in Ranged Weapons
  4783 | D:7      | Identified 2 scrolls of acquirement
  4788 | D:7      | Acquired the ring "Otefui" {rF+ Str+2 Int+5 Dex+2}
  5002 | D:7      | Reached *** piety under Okawaru
  5098 | D:7      | Noticed gelatine's ghost (novice BaHu)
  5101 | D:7      | Found a runed translucent door.
  5376 | D:7      | Noticed Pikel
  5389 | D:7      | Killed Pikel
  5390 | D:7      | Reached skill level 10 in Fighting
  5390 | D:7      | Reached skill level 5 in Ranged Weapons
  5390 | D:7      | Reached XP level 9. HP: 64/78 MP: 7/9
  5757 | D:8      | Noticed Erica
  5775 | D:8      | Killed Erica
  5775 | D:8      | Reached **** piety under Okawaru
  5776 | D:8      | Reached skill level 1 in Armour
  5776 | D:8      | Reached skill level 1 in Evocations
  5952 | D:8      | Noticed a cyclops
  5979 | D:8      | Reached skill level 6 in Ranged Weapons
  6012 | D:8      | Noticed Maurice
  6295 | D:9      | You fall into a shaft and drop 2 floors!
  6296 | D:11     | Acquired a manual of Dodging
  6331 | D:11     | Noticed an unseen horror
  6335 | D:11     | Killed an unseen horror
  6437 | D:11     | Noticed a manticore
  6667 | D:11     | Killed a manticore
  6667 | D:11     | Reached ***** piety under Okawaru
  6668 | D:11     | Reached skill level 5 in Dodging
  6718 | D:11     | Reached XP level 10. HP: 35/85 MP: 7/10
  6927 | D:11     | Identified the +0 leather armour "Lasuk" {Will+ Slay+2}
  6946 | D:11     | Noticed a gargoyle
  6949 | D:11     | Killed a gargoyle
  7035 | D:10     | Entered Level 10 of the Dungeon
  7035 | D:10     | Noticed Harold
  7061 | D:11     | Killed Harold
  7065 | D:11     | Noticed a red ugly thing
  7227 | D:10     | Noticed a gargoyle
  7230 | D:10     | Killed a gargoyle
  7230 | D:10     | Received a gift from Okawaru
  7332 | D:10     | Noticed Nergalle
  7338 | D:10     | Killed Nergalle
  7339 | D:10     | Reached skill level 7 in Ranged Weapons
  7638 | D:10     | Noticed a two-headed ogre
  7645 | D:10     | Killed a two-headed ogre
  7646 | D:10     | Reached XP level 11. HP: 79/90 MP: 11/11
  7730 | D:10     | Found a staircase to the Orcish Mines.
  8046 | D:9      | Reached skill level 10 in Dodging
  8979 | D:9      | Found an ornate altar of the Wu Jian Council.
  9302 | D:8      | Noticed Gastronok
  9316 | D:8      | Killed Gastronok
  9317 | D:8      | Reached skill level 8 in Ranged Weapons
  9696 | D:8      | Identified the +8 hand axe "Vailecs" {protect, rPois rF-
                  | Str+4 Int+4}
  9872 | D:8      | Found a shadowy altar of Dithmenos.
  9999 | D:8      | Found a staircase to the Lair.
 10045 | D:8      | Received a gift from Okawaru
 10154 | D:8      | Killed Maurice
 10203 | D:8      | Found an ancient bone altar of Kikubaaqudgha.
 10211 | D:8      | Found a shimmering blue altar of Sif Muna.
 10212 | D:8      | Found a radiant altar of Vehumet.
 10271 | D:8      | Identified the +7 quarterstaff "Kyabius" {vorpal, rF+}
 10651 | D:4      | Found a transporter.
 10850 | D:4      | Killed SensoryNuts's ghost
 10854 | D:4      | Reached skill level 9 in Ranged Weapons
 11042 | D:11     | Killed a red ugly thing
 11385 | Lair:1   | Entered Level 1 of the Lair of Beasts
 11395 | Lair:1   | Identified the +0 plate armour of Fonneh {rPois Will+
                  | Dex+2}
 11515 | Lair:1   | Found a basalt altar of Yredelemnul.
 11659 | Lair:1   | Noticed Amaemon
 11675 | Lair:1   | Killed Amaemon
 11676 | Lair:1   | Reached XP level 12. HP: 61/97 MP: 9/12
 11930 | Lair:1   | Reached skill level 10 in Ranged Weapons
 11941 | Lair:1   | Noticed a six-headed hydra
 12050 | Lair:1   | Noticed Fannar
 12060 | Lair:1   | Killed Fannar
 12144 | Lair:2   | Noticed a five-headed hydra
 12388 | Lair:1   | Killed a six-headed hydra
 12389 | Lair:1   | Reached skill level 11 in Ranged Weapons
 13245 | Lair:2   | Noticed a five-headed hydra
 13257 | Lair:2   | Killed a five-headed hydra
 13416 | Lair:2   | Reached skill level 12 in Ranged Weapons
 13564 | Lair:2   | Identified the -2 pair of gloves of the Spheres {Dex+4}
                  | (Okawaru gifted it to you on level 2 of the Lair of Beasts)
 13564 | Lair:2   | Received a gift from Okawaru
 13830 | Lair:2   | Reached skill level 13 in Ranged Weapons
 13882 | Lair:2   | Gained mutation: You are strongly in touch with the powers
                  | of death. [Mummy growth]
 13882 | Lair:2   | Reached XP level 13. HP: 98/103 MP: 10/13
 14319 | Lair:2   | Found a staircase to the Shoals.
 15358 | Lair:3   | Reached skill level 5 in Invocations
 15510 | Lair:3   | Identified the +1 robe of Casat {rF+ rC++ MP+9} (Okawaru
                  | gifted it to you on level 3 of the Lair of Beasts)
 15510 | Lair:3   | Received a gift from Okawaru
 15587 | Lair:3   | Found a hole to the Spider Nest.
 15729 | Lair:3   | HP: 4/103 [komodo dragon (5)]
 15731 | Lair:3   | Slain by a komodo dragon

Illustrated notes

Levels and vault maps discovered:
D:1:      shiori_shiawase, layout_basic, minmay_misc_feat_roman,
          hangedman_decor_clover_reticule, serial_bayou_pond_d, hex_tiny
D:2:      layout_rooms, ebering_ecumenical_altar_rust,
          minmay_misc_feat_enclosed, uniq_robin, uniq_terence
D:3:      layout_rooms, lemuel_zombie_altar_yredelemnul,
          kennysheep_cross_bottleneck, minmay_misc_feat_square
D:4:      layout_basic, mainiacjoe_overflow_concentric_impassable,
          gammafunk_ghost_mausoleum
D:5:      layout_basic, mainiacjoe_overflow_paths,
          chequers_temple_overflow_minitemple, old_standard_altar
D:6:      layout_loops_corners, minmay_temple_entry_overgrown, uniq_menkaure
D:7:      layout_basic, hellmonk_ghost_happy_afterlife, uniq_pikel
D:8:      layout_gridville, grunt_temple_overflow_magic_moments,
          grunt_dithmenos_shadows, minmay_lair_entry_grove,
          nicolae_ossuary_entry_giza, uniq_erica, uniq_gastronok, uniq_maurice
D:9:      layout_stronghold, kennysheep_mini
D:10:     layout_small_grid, zin_academy, zombieorc2_lemuel, uniq_nergalle,
          uniq_harold
D:11:     layout_big_octagon
Temple:   hellmonk_temple_divided_pantheon
Lair:1:   layout_regular_city, basic_altar, uniq_amaemon, uniq_fannar
Lair:2:   layout_regular_city, elwin_shoals_entry_stream
Lair:3:   layout_regular_city, hellmonk_spider_entry_not_the_bees,
          nicolae_quartered_pool_little, serial_bayou_lake_a,
          grunt_megastairs_1, lemuel_fruit_tree, serial_bayou_shore_a

Skill      XL: |  1  2  3  4  5  6  7  8  9 10 11 12 13 |
---------------+----------------------------------------+-----
Fighting       | 4 5 6 7 8 10 | 10.0
Ranged Weapons | 1 2 3 5 6 7 9 13 | 13.3
Invocations    | 1 5 |  5.7
Armour         | 3 4 |  4.0
Dodging        | 5 9 12 | 12.0
Evocations     | 3 4 |  4.0
Polearms       | |  2.4
Stealth        | |  1.5

Action                   |  1- 3 |  4- 6 |  7- 9 | 10-12 | 13-15 || total
-------------------------+-------+-------+-------+-------+-------++-------
Melee: Spear             |   130 |       |       |       |       ||   130
       Punch             |     1 |       |       |       |       ||     1
 Fire: Arbalest          |    16 |    81 |   179 |   597 |   160 ||  1033
Throw: Throwing net      |       |       |     2 |       |       ||     2
       Dart              |       |       |       |     3 |       ||     3
Invok: Heroism           |       |       |     6 |    39 |     8 ||    53
Evoke: Wand              |       |     4 |     5 |    21 |     5 ||    35
  Use: Scroll            |     1 |     7 |    14 |    12 |     1 ||    35
 Stab: Sleeping          |     2 |       |       |       |       ||     2
Armor: Robe              |     6 |       |       |       |       ||     6
       Ring mail         |    27 |     7 |       |   197 |    37 ||   268
       Leather armour    |     4 |       |       |       |       ||     4
       Chain mail        |       |    12 |   103 |    15 |       ||   130
Dodge: Dodged            |    71 |    19 |    76 |   634 |   158 ||   958
